 Dungeon Crawl Stone Soup version 0.32-a0-818-gb728d0252e (webtiles) character file.

Game seed: 1122151174089010838

220762 octoduck the Slayer (level 19, -1/158 HPs)
             Began as a Djinni Fire Elementalist on Mar 14, 2024.
             Was the Champion of Makhleb.
             Slain by a ghost moth (7 damage)
             ... on level 4 of the Spider Nest on Mar 24, 2024.
             The game lasted 03:29:38 (48305 turns).

octoduck the Slayer (Djinni Fire Elementalist)     Turns: 48305, Time: 03:29:38

Health: -1/158     AC: 10    Str:  7 (9)  XL:     19   Next: 94%
Gold:   3107       EV: 19    Int: 20 (25) God:    Makhleb [******] SH: 13 Dex: 16 (18)

rFire   + + +        d - staff of Joyful Slaughter {rF+ Conj}
rCold   + + .        Y - +1 kite shield "Maonn" {Harm rC+ Dex+3}
rNeg    + + +        R - +1 troll leather armour {Snorg}
rPois   ∞            s - +2 helmet
rElec   +            f - +0 cloak of the Old World {rC+ Int+3}
rCorr   +            j - +0 pair of gloves
SInv    .            (boots unavailable)
Will    ++...        z - amulet of regeneration
Stlth   ++           k - ring of Ozawijij {rElec rN+++ Will+ rCorr Slay-2}
HPRegen 2.06/turn    Z - ring "Ututarch" {rPois rC+ EV+5}
MPRegen 0.00/turn

%: harm (+30% outgoing, +20% incoming), infuse magic (-2 HP)
@: about to teleport, flying
A: sickness immunity, fire resistance 2, cold vulnerability 1, float, innate
caster, HP casting, extra vitality 1
}: 1/15 runes: decaying
a: Renounce Religion, Minor Destruction, Lesser Servant of Makhleb, Major
Destruction, Greater Servant of Makhleb


You were on level 4 of the Spider Nest.
You worshipped Makhleb.
Makhleb was exalted by your worship.
You visited 6 branches of the dungeon, and saw 31 of its levels.
You also visited: Bailey.

You collected 4339 gold pieces.
You spent 1232 gold pieces at shops.

Inventory:

Missiles
 y - 6 darts of dispersal
 I - 3 throwing nets
Armour
 f - the +0 cloak of the Old World (worn) {rC+ Int+3}
   (You found it on level 3 of the Swamp)

   Int+3:     It affects your intelligence (+3).
   rC+:       It protects you from cold.
 j - a +0 pair of gloves (worn)
 s - a +2 helmet (worn)
 O - the +2 cloak of the Blind Marksman {rC+ rN++}
   (You found it on level 9 of the Dungeon)

   rC+:       It protects you from cold.
   rN++:      It greatly protects you from negative energy.
 Q - +4 storm dragon scales {Bai Suzhen}
 R - a +1 troll leather armour (worn) {Snorg}
 S - a +2 robe of cold resistance
 Y - the +1 kite shield "Maonn" (worn) {Harm rC+ Dex+3}
   (You bought it in a shop on level 2 of the Orcish Mines)

   Dex+3:     It affects your dexterity (+3).
   rC+:       It protects you from cold.
   Harm:      It increases damage dealt and taken.
Magical Staves
 d - the staff of Joyful Slaughter (weapon) {rF+ Conj}
   (You found it on level 14 of the Dungeon)

   [staff of conjuration]

   Base accuracy: +5 Base damage: 5 Base attack delay: 1.2 This weapon's minimum
   attack delay (0.6) is reached at skill level 12.
   rF+:       It protects you from fire.
   Conj:      It increases the power of your Conjurations spells.
   It falls into the 'Staves' category.
   It is a one-handed weapon.
Jewellery
 b - a ring of wizardry
 k - the ring of Ozawijij (left hand) {rElec rN+++ Will+ rCorr Slay-2}
   (You found it on level 3 of the Dungeon)

   [ring of willpower]

   Slay-2:    It affects your accuracy & damage with ranged weapons and melee
   (-2).
   rElec:     It insulates you from electricity.
   rN+++:     It renders you almost immune to negative energy.
   Will+:     It increases your willpower.
   rCorr:     It protects you from acid and corrosion.
 w - a ring of protection from cold
 z - an amulet of regeneration (around neck)
 W - a ring of willpower
 Z - the ring "Ututarch" (right hand) {rPois rC+ EV+5}
   (You bought it in a shop on level 2 of the Orcish Mines)

   [ring of evasion]

   EV+5:      It affects your evasion (+5).
   rC+:       It protects you from cold.
   rPois:     It protects you from poison.
Wands
 a - a wand of charming (15)
 g - a wand of digging (1)
 l - a wand of light (24)
 t - a wand of mindburst (32)
 u - a wand of warping (26)
 E - a wand of flame (64)
 M - a wand of polymorph (10)
Scrolls
 c - 2 scrolls of enchant weapon
 e - 9 scrolls of fear
 i - 4 scrolls of butterflies
 m - 2 scrolls of torment
 n - 4 scrolls of fog
 o - 3 scrolls of vulnerability
 p - 10 scrolls of teleportation
 v - 2 scrolls of blinking
 x - 6 scrolls of immolation
 D - 4 scrolls of poison
 G - 3 scrolls of enchant armour
 H - 3 scrolls of silence
 T - a scroll of brand weapon
Potions
 h - 11 potions of curing
 q - a potion of mutation
 r - 6 potions of lignification
 A - 2 potions of resistance
 B - 5 potions of attraction
 C - 5 potions of brilliance
 F - a potion of cancellation
 J - 6 potions of haste
 K - 5 potions of might
 L - 6 potions of enlightenment
 N - 6 potions of ambrosia
 X - a potion of magic


   Skills:
 + Level 21.3 Fighting
 - Level 4.4 Armour
 + Level 11.6 Dodging
 - Level 4.0 Stealth
 - Level 10.6 Shields
 + Level 15.5 Spellcasting
 + Level 15.5 Conjurations
 + Level 15.5 Hexes
 + Level 15.5 Summonings
 + Level 15.5 Necromancy
 + Level 15.5 Translocations
 + Level 15.5 Fire Magic
 + Level 15.5 Ice Magic
 + Level 15.5 Air Magic
 + Level 15.5 Earth Magic
 + Level 15.5 Alchemy
 - Level 13.5 Invocations


You knew the following spells:

 Your Spells              Type           Power      Damage    Failure   Level
a - Summon Cactus Giant   Summ           33%        N/A       5%          6
b - Iskenderun's Mystic   Conj/Tloc      86%        2d17      1%          4
c - Fireball              Conj/Fire      43%        3d17      1%          5
d - Volatile Blastmotes   Fire/Tloc      100%       2d18      1%          3
e - Flame Wave            Conj/Fire      86%        2d18      1%          4
f - Inner Flame           Hex/Fire       67%        N/A       1%          3
g - Dispersal             Tloc           33%        N/A       5%          6
h - Enfeeble              Hex            33%        N/A       30%         7
i - Petrify               Alch/Erth      67%        N/A       1%          4
j - Scorch                Fire           100%       2d9       1%          2
k - Slow                  Hex            100%       N/A       1%          1
l - Foxfire               Conj/Fire      100%       2x1d9     1%          1
m - Momentum Strike       Conj/Tloc      100%       3d10      1%          2
n - Vampiric Draining     Necr           67%        2d10      1%          3
Your spell library was empty.

Dungeon Overview and Level Annotations

Branches:
Dungeon (15/15)            Temple (1/1) D:4            Lair (5/5) D:8
  Swamp (4/4) Lair:3       Spider (4/4) Lair:2        Slime (0/5) Lair:5
    Orc (2/2) D:11            Elf (0/3) Orc:2        Vaults (0/5) D:13
 Depths (0/4) D:15         Bailey (visited)

Altars:
Ashenzari
Cheibriados
Dithmenos
Elyvilon
Fedhas
Gozag
Hepliaklqana
Makhleb
Nemelex Xobeh
Okawaru
Qazlal
Ru
Trog
Uskayaw
Wu Jian
Xom
Yredelemnul
Zin
The Shining One

Shops:
D:5 (   D:11 ?   Orc:2 [*((=[*

Annotations:
D:10 2 runed translucent doors
Lair:1 1 runed translucent door, 910rd's ghost, journeyman DrSh
Spider:2 2 transporters, exclusion: orange crystal statue


Innate Abilities, Weirdness & Mutations

You are immune to sickness and miasma.
You are immune to poison.
Your flesh is very heat resistant. (rF++)
You are vulnerable to cold. (rC-)
You float through the air rather than walking.
You learn spells naturally, not from books.
Your magical power is your life essence.
You have superior vitality. (+4 MHP)


Message History

The ghost moth stares at you. The ghost moth hits you!
* * * LOW HITPOINT WARNING * * *
The ghost moth hits you but does no damage.
The ghost moth closely misses you.
You feel much better.
You feel you are being watched by something.
Something hits you!
* * * LOW HITPOINT WARNING * * *
Something hits you but does no damage. Something stings you.
* * * LOW HITPOINT WARNING * * *
You feel much better. Something hits you!
Something hits you but does no damage. Something stings you!
* * * LOW HITPOINT WARNING * * *
You hit something but do no damage. Something hits you!
* * * LOW HITPOINT WARNING * * *
Something hits you but does no damage. Something closely misses you.
You feel you are being watched by something.
Something closely misses you. Something barely misses you. x2
As you read the scroll of teleportation, it crumbles to dust.
You feel strangely unstable.
You feel you are being watched by something.
Something hits you.
* * * LOW HITPOINT WARNING * * *
You feel clumsy. You block something's attack. x2
Okay, then.
You feel better.
You feel you are being watched by something.
Something hits you!!
* * * LOW HITPOINT WARNING * * *
Something hits you.
* * * LOW HITPOINT WARNING * * *
You feel dopey. Something misses you.
You feel you are being watched by something.
Something hits you!
* * * LOW HITPOINT WARNING * * *
Something hits you but does no damage. Something stings you.
You die...

###^^.....####.......#......#...#
#####.###................#......
##.........^..#...............^..
#^....^.#..######..............^#
####.###...#########.....^...####
#^.......#############'''####
###.^...########.######'''# *
#.^..#########.~...####^..## ##
#..### ###(~..@...##.....## #.
##.# ##~~...^##~..~##...~####.
### ##....~#####...##^....##^.
#....#######^........†#...
#(...#####.##.~......††.~~
##.~..###...###~..##..^.##
###.^.~~~..#############*
##...~~########********* ##...~~#
*,,+,,,,,,,,**


There were no monsters in sight!

Vanquished Creatures
  Bai Suzhen (Spider:3)
  Nikola (Spider:1)
  Jorgrun (Swamp:2)
  Mlioglotl (Swamp:2)
  A thorn hunter (Swamp:2)
  Kirke (Lair:2)
  Donald (Swamp:2)
  Aizul (Spider:3)
  The ghost of Sarer the Severer, a journeyman MiBe of Trog (D:14)
  An orc warlord (Orc:2)
  3 ghost moths
  An emperor scorpion (Spider:3)
  3 broodmothers
  Nessos (D:12)
  2 eleionomae
  3 bunyips (Swamp:3)
  Snorg (Lair:3)
  A spark wasp (Spider:2)
  A rakshasa (D:15)
  2 ghost crabs
  13 hydras
  4 alligators
  3 radroaches
  4 vault guards (D:13)
  A jorogumo (Spider:1)
  A catoblepas (D:13)
  3 ice dragons (Swamp:4)
  A merfolk avatar (Lair:5)
  3 centaur warriors
  7 death yaks
  7 boulder beetles
  4 two-headed ogres
  A tengu warrior (D:11)
  A spriggan berserker (Lair:3)
  7 demonic crawlers (Spider:3)
  Urug (Lair:3)
  4 orc high priests (Orc:2)
  2 skysharks
  2 pharaoh ants
  Nergalle (Lair:3)
  11 goliath frogs
  5 skeletal warriors (D:14)
  7 spriggan druids
  A sea snake (Lair:5)
  2 arcanists (D:13)
  11 orb spiders
  A bog body (Swamp:1)
  A steelbarb worm (Spider:4)
  A harpy (Lair:5)
  2 deep elf pyromancers (D:14)
  2 swamp dragons
  A wolf spider zombie (D:14)
  4 orc knights
  3 orc sorcerers (Orc:2)
  A necromancer (D:13)
  5 manticores
  14 ugly things
  11 wolf spiders
  2 will-o-the-wisps
  4 cyclopes
  A moth of wrath (Spider:1)
  Maurice (D:7)
  18 elephants
  Joseph (D:8)
  5 black mambas
  5 meliai
  A smoke demon (D:12)
  2 torpor snails
  5 unseen horrors
  17 cane toads
  A yaktaur (D:15)
  10 rime drakes
  3 freezing wraiths (Swamp:4)
  14 komodo dragons
  An efreet (D:14)
  A kobold demonologist (D:13)
  A red devil (D:12)
  5 trolls
  A tengu conjurer (D:15)
  3 bloated husks
  7 tyrant leeches
  15 hornets
  18 blink frogs
  A polar bear (Lair:2)
  21 tarantellas
  Prince Ribbit (D:5)
  A meliai zombie (D:14)
  23 dream sheep
  11 jumping spiders
  14 culicivoras
  3 slime creatures (D:12)
  16 spriggans
  6 wyverns
  A shadow (D:11)
  65 yaks
  3 wraiths
  A ynoxinul (D:12)
  A fire elemental (Spider:1)
  2 basilisks
  4 hogs (Lair:2)
  18 humans (D:13)
  23 redbacks
  A warg (Orc:2)
  2 swamp worm simulacra (Swamp:4)
  A chaos spawn (D:12)
  Menkaure (D:7)
  12 vampire mosquitoes
  5 steam dragons
  11 swamp worms
  13 hydra simulacra (Swamp:4)
  An acid dragon (D:13)
  3 nameless horrors
  14 water moccasins
  A swamp drake (Swamp:3)
  A sky beast (D:6)
  An ice beast (D:7)
  3 black bears
  30 orc warriors
  11 ogres
  10 centaurs
  5 wolves (D:8)
  4 phantoms
  2 kobold brigands
  Blork the orc (D:6)
  18 bullfrogs
  2 gnoll sergeants
  3 scorpions
  3 wights (D:7)
  3 electric eels
  5 howler monkeys
  A bombardier beetle (D:5)
  4 jellies
  16 orc priests
  2 hounds (D:5)
  5 iguanas
  3 sleepcaps
  32 orc wizards
  Ijyb (D:4)
  14 gnolls
  A river rat (D:8)
  9 adders
  A shadow imp (D:5)
  5 white imps
  4 swamp drake simulacra (Swamp:4)
  4 dart slugs
  72 orcs
  2 bats
  7 endoplasms
  3 giant cockroaches
  10 goblins
  11 hobgoblins
  3 quokkas
  3 ball pythons
  6 frilled lizards
  10 kobolds
  6 rats
940 creatures vanquished.

Vanquished Creatures (collateral kills)
  Mara (Spider:3)
  2 tentacled monstrosities
  An azure jelly (Swamp:4)
  A fenstrider witch (Swamp:3)
  An emperor scorpion (Spider:4)
  Louise (Spider:1)
  Azrael (Spider:1)
  A bunyip (Swamp:3)
  2 fire dragons (D:14)
  An entropy weaver (Spider:1)
  3 hydras
  A radroach (Spider:4)
  A jorogumo (Spider:3)
  A ghost crab (Swamp:2)
  A boulder beetle (Spider:1)
  A centaur warrior (D:15)
  3 alligators
  3 demonic crawlers
  A goliath frog (Swamp:4)
  2 orb spiders (Spider:4)
  2 bog bodies (Swamp:3)
  4 steelbarb worms
  12 wolf spiders
  5 will-o-the-wisps
  A meliai (Spider:3)
  A freezing wraith (Swamp:4)
  A hornet (Spider:2)
  4 tyrant leeches
  9 tarantellas
  4 jumping spiders
  6 culicivoras
  4 fire elementals (Spider:1)
  13 redbacks
  2 vampire mosquitoes (Swamp:2)
  2 swamp worm simulacra (Swamp:4)
  A basilisk (D:14)
  2 hydra simulacra (Swamp:4)
  8 swamp worms
  2 swamp drakes
  2 laughing skulls (D:15)
  A troll zombie (Swamp:3)
  A troll skeleton (Swamp:3)
  2 foxfires
  A spectral weapon (Swamp:4)
119 creatures vanquished.

Vanquished Creatures (others)
  A fenstrider witch (Swamp:3)
  A bunyip (Swamp:1)
  A hydra (Swamp:3)
  2 bloated husks (Swamp:3)
  A fire elemental (Spider:1)
  1208 foxfires
1214 creatures vanquished.

Grand Total: 2273 creatures vanquished

Notes
Turn   | Place    | Note
-------+----------+-------------------------------------------
     0 | D:1      | octoduck the Djinni Fire Elementalist began the quest for
                  | the Orb.
     0 | D:1      | octoduck set off with the following spells memorised:
                  | Foxfire, Scorch, Volatile Blastmotes, Inner Flame, Flame
                  | Wave.
     0 | D:1      | Reached XP level 1. HP: 15/15 MP: 0/0
   273 | D:1      | Reached XP level 2. HP: 20/22 MP: 0/0
   319 | D:1      | Reached skill level 1 in Fighting
   504 | D:1      | Reached XP level 3. HP: 26/27 MP: 0/0
   504 | D:1      | Learned a level 1 spell: Slow
  1260 | D:2      | Reached skill level 2 in Fighting
  1263 | D:2      | Reached XP level 4. HP: 24/33 MP: 0/0
  2330 | D:3      | Reached XP level 5. HP: 36/40 MP: 0/0
  2330 | D:3      | Learned a level 2 spell: Momentum Strike
  2337 | D:3      | Identified the ring of Ozawijij {rElec rN+++ Will+ rCorr
                  | Slay-2}
  2484 | D:3      | Reached skill level 3 in Fighting
  2530 | D:3      | Identified the +6 leather armour of Xom's Benevolence
                  | {+Blink rPois Int+2}
  2729 | D:3      | Found a sparkling altar of Nemelex Xobeh.
  2773 | D:3      | Noticed a black bear
  2787 | D:3      | Killed a black bear
  2788 | D:3      | Reached skill level 1 in Armour
  2788 | D:3      | Reached XP level 6. HP: 38/47 MP: 0/0
  3077 | D:3      | Identified a scroll of acquirement
  3077 | D:3      | Acquired a manual of Fighting
  3121 | D:4      | Reached skill level 4 in Fighting
  3166 | D:4      | Found a staircase to the Ecumenical Temple.
  3186 | Temple   | Entered the Ecumenical Temple
  3303 | D:4      | Found an opulent altar of Gozag.
  3331 | D:4      | Reached XP level 7. HP: 46/53 MP: 0/0
  3331 | D:4      | Learned a level 3 spell: Vampiric Draining
  3528 | D:4      | Reached skill level 5 in Fighting
  3570 | D:4      | Noticed Ijyb
  3585 | D:4      | Killed Ijyb
  3749 | D:5      | Entered Level 5 of the Dungeon
  3814 | D:5      | Found a snail-covered altar of Cheibriados.
  3918 | D:5      | Reached skill level 6 in Fighting
  4014 | D:5      | Reached skill level 5 in Spellcasting
  4014 | D:5      | Reached skill level 5 in Conjurations
  4014 | D:5      | Reached skill level 5 in Hexes
  4014 | D:5      | Reached skill level 5 in Summonings
  4014 | D:5      | Reached skill level 5 in Necromancy
  4014 | D:5      | Reached skill level 5 in Translocations
  4014 | D:5      | Reached skill level 5 in Fire Magic
  4014 | D:5      | Reached skill level 5 in Ice Magic
  4014 | D:5      | Reached skill level 5 in Air Magic
  4014 | D:5      | Reached skill level 5 in Earth Magic
  4014 | D:5      | Reached skill level 5 in Alchemy
  4021 | D:5      | Found a broken altar of Ashenzari.
  4044 | D:5      | Found Ideow's Antique Weapon Boutique.
  4311 | D:5      | Reached XP level 8. HP: 33/62 MP: 0/0
  4337 | D:5      | Reached skill level 7 in Fighting
  5112 | D:5      | Reached skill level 8 in Fighting
  5134 | D:6      | Noticed Prince Ribbit
  5150 | D:5      | Killed Prince Ribbit
  5168 | D:6      | Reached skill level 9 in Fighting
  5168 | D:6      | Reached XP level 9. HP: 70/72 MP: 0/0
  5168 | D:6      | Learned a level 4 spell: Petrify
  5511 | D:6      | Noticed Blork the orc
  5521 | D:6      | Killed Blork the orc
  5621 | D:6      | Reached skill level 10 in Fighting
  5851 | D:6      | Noticed a hornet
  5860 | D:6      | Killed a hornet
  6024 | D:6      | Reached skill level 11 in Fighting
  6484 | D:7      | Noticed a hornet
  6492 | D:7      | Killed a hornet
  6604 | D:7      | Reached XP level 10. HP: 83/84 MP: 0/0
  6622 | D:7      | Reached skill level 12 in Fighting
  6713 | D:7      | Found a flagged portal.
  6718 | Bailey   | Entered a bailey
  7054 | Bailey   | Reached skill level 13 in Fighting
  7140 | Bailey   | Noticed a two-headed ogre
  7152 | Bailey   | Killed a two-headed ogre
  7215 | Bailey   | Identified the +1 quarterstaff "Qeniynau" {venom, ^Contam
                  | rF+++ Str+2 Int-5}
  7364 | D:7      | Noticed Menkaure
  7373 | D:7      | Killed Menkaure
  7411 | D:7      | Noticed Maurice
  7653 | D:7      | Something stole a ring of willpower
  7654 | D:7      | Something stole 453 gold
  7655 | D:7      | Killed Maurice
  7656 | D:7      | Reached XP level 11. HP: 72/93 MP: 0/0
  7656 | D:7      | Learned a level 4 spell: Iskenderun's Mystic Blast
  7813 | D:7      | Found a shimmering altar of Xom.
  8641 | D:8      | Noticed a death yak
  8703 | D:8      | Found a white marble altar of Elyvilon.
  8995 | D:8      | Noticed a death yak
  9020 | D:8      | Killed a death yak
  9021 | D:8      | Reached skill level 14 in Fighting
  9068 | D:8      | Killed a death yak
  9435 | D:8      | Found a staircase to the Lair.
  9457 | D:8      | Found a burning altar of Makhleb.
  9461 | D:8      | Found a stormy altar of Qazlal.
  9461 | D:8      | Noticed Joseph
  9484 | D:8      | Killed Joseph
 10082 | D:9      | Found a glowing silver altar of Zin.
 10118 | D:9      | Found an iron altar of Okawaru.
 10196 | D:8      | Became a worshipper of Makhleb the Destroyer
 10565 | D:9      | Identified the +2 cloak of the Blind Marksman {rC+ rN++}
 10872 | D:9      | Noticed a cyclops
 10889 | D:9      | Killed a cyclops
 11010 | D:9      | Noticed a boulder beetle
 11088 | Lair:1   | Entered Level 1 of the Lair of Beasts
 11092 | Lair:1   | Noticed a six-headed hydra
 11125 | D:10     | Entered Level 10 of the Dungeon
 11585 | D:10     | Reached XP level 12. HP: 97/101 MP: 0/0
 11587 | D:10     | Reached skill level 5 in Dodging
 11748 | D:10     | Noticed a two-headed ogre
 11764 | D:10     | Killed a two-headed ogre
 11765 | D:10     | Reached skill level 15 in Fighting
 11765 | D:10     | Reached skill level 10 in Spellcasting
 11765 | D:10     | Reached skill level 10 in Conjurations
 11765 | D:10     | Reached skill level 10 in Hexes
 11765 | D:10     | Reached skill level 10 in Summonings
 11765 | D:10     | Reached skill level 10 in Necromancy
 11765 | D:10     | Reached skill level 10 in Translocations
 11765 | D:10     | Reached skill level 10 in Fire Magic
 11765 | D:10     | Reached skill level 10 in Ice Magic
 11765 | D:10     | Reached skill level 10 in Air Magic
 11765 | D:10     | Reached skill level 10 in Earth Magic
 11765 | D:10     | Reached skill level 10 in Alchemy
 11829 | D:10     | Reached * piety under Makhleb
 12088 | D:10     | Identified the +7 short sword "Unuet" {venom, rCorr}
 12119 | D:10     | Found a shadowy altar of Dithmenos.
 12171 | D:10     | Noticed a centaur warrior
 12174 | D:10     | Found a large runed translucent door.
 12175 | D:10     | Found a large runed translucent door.
 12181 | D:10     | Noticed a centaur warrior
 12618 | D:8      | Killed a six-headed hydra
 13164 | Lair:1   | Found a runed translucent door.
 13166 | Lair:1   | Noticed 910rd's ghost (journeyman DrSh)
 13166 | Lair:1   | Identified the +0 trident of Cowardice {drain, Dex+3}
 13485 | Lair:1   | Noticed a spriggan rider
 14298 | Lair:2   | Found a hole to the Spider Nest.
 14931 | Lair:2   | Reached XP level 13. HP: 108/108 MP: 0/0
 14931 | Lair:2   | Learned a level 5 spell: Fireball
 15262 | Lair:2   | Found a hide-covered altar of Uskayaw.
 15263 | Lair:2   | Found an ornate altar of the Wu Jian Council.
 15888 | Lair:3   | Noticed a five-headed hydra
 15916 | Lair:2   | Killed a five-headed hydra
 16118 | Lair:3   | Reached ** piety under Makhleb
 16159 | Lair:3   | Noticed Snorg
 16362 | Lair:2   | Reached skill level 16 in Fighting
 16639 | Lair:3   | Killed Snorg
 16645 | Lair:3   | Noticed Kirke
 17650 | Lair:2   | Killed Kirke
 18015 | Lair:3   | Identified the dragon-blood talisman of Somewhere Else {rF+
                  | rCorr MP+9 Int-3}
 18147 | Lair:3   | Reached skill level 10 in Dodging
 18267 | Lair:2   | Reached XP level 14. HP: 108/117 MP: 0/0
 18287 | Lair:3   | Noticed Urug
 18342 | Lair:3   | Killed Urug
 18342 | Lair:3   | Reached *** piety under Makhleb
 18656 | Lair:3   | Reached skill level 1 in Invocations
 18816 | Lair:3   | Noticed Nergalle
 18826 | Lair:3   | Killed Nergalle
 19090 | Lair:3   | Found a staircase to the Swamp.
 19588 | Lair:4   | Upgraded the game from 0.32-a0-705-g60f233581c to
                  | 0.32-a0-711-g016ad743e0
 19946 | Lair:4   | Reached skill level 17 in Fighting
 20980 | Lair:5   | Entered Level 5 of the Lair of Beasts
 20990 | Lair:5   | Reached skill level 5 in Invocations
 20990 | Lair:5   | Reached **** piety under Makhleb
 21556 | Lair:4   | Reached XP level 15. HP: 82/124 MP: 0/0
 21556 | Lair:4   | Learned a level 6 spell: Dispersal
 22533 | Lair:5   | Found a staircase to the Slime Pits.
 22648 | Lair:4   | Reached ***** piety under Makhleb
 22844 | Lair:5   | Reached skill level 18 in Fighting
 24469 | D:11     | Found a staircase to the Orcish Mines.
 25045 | D:11     | Found Pomylis's Magic Scroll Shop.
 25050 | D:11     | Bought a scroll of identify for 24 gold pieces
 25050 | D:11     | Bought a scroll of identify for 24 gold pieces
 25050 | D:11     | Bought a scroll of poison for 48 gold pieces
 25050 | D:11     | Bought a scroll of fear for 48 gold pieces
 25052 | D:11     | Bought a scroll of silence for 114 gold pieces
 25297 | Orc:1    | Entered Level 1 of the Orcish Mines
 25617 | Orc:2    | Entered Level 2 of the Orcish Mines
 25617 | Orc:2    | Found a staircase to the Elven Halls.
 26076 | Orc:2    | Found Noudabr Vite's Overcharged Wands.
 26109 | Orc:2    | Found Qailezoh's Antique Weapon Shop.
 26574 | Orc:2    | Found Byamos's Armour Boutique.
 26925 | Orc:2    | Reached ****** piety under Makhleb
 27439 | Orc:2    | Noticed an orc warlord
 27480 | Orc:2    | Killed an orc warlord
 27566 | Orc:2    | Found Xeint's General Store.
 27567 | Orc:2    | Found Woov's Jewellery Shop.
 27568 | Orc:2    | Found Faghalar's Antique Armour Boutique.
 27568 | Orc:2    | Found Rufapt's Antique Weapon Boutique.
 27613 | Orc:2    | Upgraded the game from 0.32-a0-711-g016ad743e0 to
                  | 0.32-a0-732-ga344392067
 27630 | Orc:2    | Bought a faintly glowing kite shield for 266 gold pieces
 27630 | Orc:2    | Identified the +1 kite shield "Maonn" {Harm rC+ Dex+3} (You
                  | bought it in a shop on level 2 of the Orcish Mines)
 27649 | Orc:2    | Bought the ring "Ututarch" {rPois rC+ EV+5} for 596 gold
                  | pieces
 27968 | Orc:1    | Reached XP level 16. HP: 132/134 MP: 0/0
 28219 | Swamp:1  | Entered Level 1 of the Swamp
 28279 | Lair:3   | Reached skill level 1 in Shields
 30014 | D:12     | Noticed Nessos
 30030 | D:12     | Killed Nessos
 31750 | D:13     | Reached skill level 19 in Fighting
 31940 | D:13     | Acquired 914 gold pieces
 31944 | D:13     | Found a gate to the Vaults.
 32264 | D:14     | Found a runed translucent gate.
 32264 | D:14     | Found a runed translucent gate.
 32264 | D:14     | Found a runed translucent gate.
 32264 | D:14     | Noticed Sarer's ghost (journeyman MiBe)
 32423 | D:14     | Reached skill level 10 in Invocations
 32432 | D:14     | Reached skill level 5 in Shields
 32785 | D:14     | Found a basalt altar of Yredelemnul.
 33671 | D:14     | Identified the staff of Joyful Slaughter {rF+ Conj}
 34016 | D:14     | Killed Sarer's ghost
 34017 | D:14     | Reached XP level 17. HP: 76/141 MP: 0/0
 34017 | D:14     | Learned a level 6 spell: Summon Cactus Giant
 34122 | D:15     | Entered Level 15 of the Dungeon
 34952 | D:15     | Found a staircase to the Depths.
 35081 | D:15     | Identified the +1 scale mail "Vofacsuu" {rN+}
 36806 | Orc:2    | Bought a potion of cancellation for 112 gold pieces
 37245 | Swamp:2  | Noticed Donald
 37312 | Swamp:2  | Noticed a thorn hunter
 37317 | Swamp:2  | Killed a thorn hunter
 37649 | Swamp:2  | Killed Donald
 37650 | Swamp:2  | Noticed Mlioglotl
 37662 | Swamp:2  | Killed Mlioglotl
 37686 | Swamp:2  | Noticed a tentacled monstrosity
 37700 | Swamp:2  | Killed a tentacled monstrosity
 37896 | Swamp:2  | Noticed Jorgrun
 37908 | Swamp:2  | Killed Jorgrun
 38745 | Swamp:3  | Reached skill level 20 in Fighting
 38827 | Swamp:3  | Reached XP level 18. HP: 149/149 MP: 0/0
 38897 | Swamp:3  | Identified the +0 cloak of the Old World {rC+ Int+3}
 39404 | Swamp:4  | Entered Level 4 of the Swamp
 39885 | Swamp:4  | Noticed a tentacled monstrosity
 39894 | Swamp:4  | Killed a tentacled monstrosity
 40323 | Swamp:4  | Got a decaying rune of Zot
 40606 | Spider:1 | Entered Level 1 of the Spider Nest
 41392 | Spider:1 | Noticed Louise
 41501 | Spider:1 | Killed Louise
 41542 | Spider:1 | Noticed Azrael
 42060 | Spider:1 | Killed Azrael
 42359 | Spider:1 | Noticed Nikola
 42372 | Spider:1 | Killed Nikola
 42373 | Spider:1 | Reached skill level 10 in Shields
 42730 | Spider:2 | Reached XP level 19. HP: 143/157 MP: 0/0
 42730 | Spider:2 | Learned a level 7 spell: Enfeeble
 42950 | Spider:2 | Found a transporter.
 43056 | Spider:2 | Found a transporter.
 43789 | Spider:3 | Reached skill level 15 in Spellcasting
 43789 | Spider:3 | Reached skill level 15 in Conjurations
 43789 | Spider:3 | Reached skill level 15 in Hexes
 43789 | Spider:3 | Reached skill level 15 in Summonings
 43789 | Spider:3 | Reached skill level 15 in Necromancy
 43789 | Spider:3 | Reached skill level 15 in Translocations
 43789 | Spider:3 | Reached skill level 15 in Fire Magic
 43789 | Spider:3 | Reached skill level 15 in Ice Magic
 43789 | Spider:3 | Reached skill level 15 in Air Magic
 43789 | Spider:3 | Reached skill level 15 in Earth Magic
 43789 | Spider:3 | Reached skill level 15 in Alchemy
 43905 | Spider:3 | Noticed Mara
 43964 | Spider:3 | Noticed octoduck's illusion
 44221 | Spider:3 | Identified the serpent talisman "Wissu" {Int+4}
 44221 | Spider:3 | Noticed Aizul
 44225 | Spider:3 | Killed Aizul
 44227 | Spider:3 | Noticed Bai Suzhen
 44238 | Spider:3 | Killed Bai Suzhen
 45009 | Spider:3 | Noticed octoduck's illusion
 45078 | Spider:3 | Killed Mara
 45339 | Spider:4 | Entered Level 4 of the Spider Nest
 45444 | Spider:4 | Reached skill level 21 in Fighting
 45734 | Spider:3 | Upgraded the game from 0.32-a0-732-ga344392067 to
                  | 0.32-a0-818-gb728d0252e
 48305 | Spider:4 | HP: 6/158 [something (12)]
 48305 | Spider:4 | Slain by a ghost moth

Illustrated notes

Levels and vault maps discovered:
D:1:      tarquinn_simple_flora_water_e, layout_basic, st_stairs_5,
          minmay_pentomino_z2
D:2:      layout_loops_ring, minmay_goblin_outpost
D:3:      layout_rooms, nemelex_diamond_rough_becter, old_standard_altar,
          serial_glass, glass_columns_a, glass_columns_a,
          kennysheep_minor_cross, nicolae_half_adder
D:4:      layout_cave_pools, marbit_many_paths, minmay_temple_entry_crystal_x,
          kennysheep_generic_room_13, uniq_ijyb
D:5:      minmay_opposing_rooms, layout_loops_corners, lemuel_doored_altar,
          nicolae_overflow_crystal_walls, evilmike_ruin_ashenzari, serial_shops,
          nicolae_shop_tiny_waterfront, grunt_decor_resistance
D:6:      layout_cave_pods, serial_library_regret_index_multi,
          minmay_misc_feat_five, minmay_fractal_squares_gapless_5,
          uniq_blork_the_orc, uniq_prince_ribbit1
D:7:      layout_basic, lemuel_tele_altar, enter_bailey_3, uniq_menkaure,
          uniq_maurice
D:8:      layout_cave_pods, lemuel_crystal_altar,
          nicolae_qazlal_eye_of_the_storm, nicolae_overflow_hidden_temple,
          dpeg_lair_monsters, uniq_joseph
D:9:      layout_roguey, okawaru_metal_pillars_1_2, zin_academy,
          serial_aquarium, aquarium_bridge_island_small
          [aquarium_subvault_small_open, aquarium_subvault_bridge,
          aquarium_subvault_bridge, aquarium_subvault_bridge,
          aquarium_subvault_wall], aquarium_window_1, aquarium_window_corner,
          aquarium_window_fake, aquarium_view_2b, aquarium_view_2e,
          minmay_three_doors
D:10:     okawaru_arena_lexackson, layout_irregular_city, grunt_dithmenos_smoke
D:11:     layout_cross, orc_0_dummy, serial_shops, nicolae_shop_hallway_plus
D:12:     layout_loops_ring, serial_demonic, serial_demonic_b, serial_demonic_b,
          serial_demonic_g, serial_demonic_d, nicolae_straight_to_the_point,
          uniq_nessos
D:13:     layout_cave_pods, grunt_vaults_entry_tiered, corexii_checkpoint
D:14:     layout_loops_corners, minmay_crystal_water,
          nicolae_yredelemnul_ghost_church
D:15:     grunt_enter_depths_hoard, layout_layer_cave, serial_park_tiny_pond
Temple:   hellmonk_temple_forest_ring
Lair:1:   layout_chaotic_city, ebering_ghost_funeral_grove,
          infiniplex_staircase_pool
Lair:2:   layout_layer_cave, spider_nest_entry_webs,
          nzn_masters_of_martial_movement, grunt_megastairs_3,
          serial_bayou_shore_b
Lair:3:   layout_big_grid, palyth_hydra_swamp_entry, grunt_megastairs_1,
          serial_bayou_shore_b, uniq_kirke, uniq_snorg, uniq_urug, uniq_nergalle
Lair:4:   layout_roguey, fungi_pond_lemuel, eino_small_chamber_without_monster
Lair:5:   gammafunk_lair_ancient_temple, layout_regular_city, slime_entry_1
Swamp:1:  layout_basic_swamp, evilmike_swamp_ruin_house_2
Swamp:2:  layout_basic_swamp, nicolae_swamp_stair_fork, uniq_mlioglotl,
          uniq_jorgrun, uniq_donald
Swamp:3:  nzn_winding_woodlands_cross [nzn_winding_woodlands_5x15_sawtooth,
          nzn_winding_woodlands_5x15_cabin, nzn_winding_woodlands_5x15_jagged,
          nzn_winding_woodlands_5x15_split_checker,
          nzn_winding_woodlands_15x15_witchcraft], layout_falls_marsh,
          evilmike_swamp_ruin_rubble_1, swamp_pool_1_2,
          cheibrodos_swamp_minitomb
Swamp:4:  swamp_icy, layout_basic_swamp, swamp_pool_5
Spider:1: layout_chambers, uniq_nikola, uniq_azrael, uniq_louise
Spider:2: gammafunk_sealed_arena, guppyfry_hornet_nest
Spider:3: layout_spider_delve, spiders_nest_ghost_moth_duel, uniq_bai_suzhen,
          uniq_aizul, uniq_mara
Spider:4: spider_rune_water, nicolae_orb_stairs
Orc:1:    layout_diamond_mine
Orc:2:    st_orc_congregation, layout_caves, serial_shops,
          nicolae_shop_statue_plus, nicolae_shop_pleasant_corner_grove,
          nicolae_shop_overcharged_wands

Skill      XL: |  1  2  3  4  5  6  7  8  9 10 11 12 13 14 15 16 17 18 19 |
---------------+----------------------------------------------------------+-----
Fighting       | 1 2 3 4 6 9 11 13 14 15 16 17 18 19 20 21 | 21.3
Spellcasting   | 4 5 7 8 9 10 11 12 13 14 15 | 15.5
Conjurations   | 4 5 7 8 9 10 11 12 13 14 15 | 15.5
Hexes          | 4 5 7 8 9 10 11 12 13 14 15 | 15.5
Summonings     | 4 5 7 8 9 10 11 12 13 14 15 | 15.5
Necromancy     | 4 5 7 8 9 10 11 12 13 14 15 | 15.5
Translocations | 4 5 7 8 9 10 11 12 13 14 15 | 15.5
Fire Magic     | 4 5 7 8 9 10 11 12 13 14 15 | 15.5
Ice Magic      | 4 5 7 8 9 10 11 12 13 14 15 | 15.5
Air Magic      | 4 5 7 8 9 10 11 12 13 14 15 | 15.5
Earth Magic    | 4 5 7 8 9 10 11 12 13 14 15 | 15.5
Alchemy        | 4 5 7 8 9 10 11 12 13 14 15 | 15.5
Armour         | 1 2 3 4 |  4.4
Dodging        | 4 8 10 11 | 11.6
Stealth        | 2 4 |  4.0
Invocations    | 5 8 10 11 13 | 13.5
Shields        | 5 8 10 | 10.6

Action                     |  1- 3 |  4- 6 |  7- 9 | 10-12 | 13-15 | 16-18 | 19-21 || total
---------------------------+-------+-------+-------+-------+-------+-------+-------++-------
  Melee: Short sword       |       |       |       |     7 |    48 |   185 |    24 ||   264
         Dagger            |       |       |       |     5 |       |       |       ||     5
         Staff             |       |       |       |       |       |       |    20 ||    20
   Cast: Foxfire           |    35 |    57 |    93 |   129 |   251 |    71 |    36 ||   672
         Scorch            |     6 |    11 |    27 |    46 |   122 |   141 |    51 ||   404
         Slow              |     3 |     8 |    23 |    20 |     4 |    21 |       ||    79
         Volatile Blastmot |       |     2 |    29 |   132 |   302 |   132 |    29 ||   626
         Inner Flame       |       |       |     2 |     4 |    19 |    20 |     6 ||    51
         Vampiric Draining |       |       |     2 |       |     8 |     2 |     2 ||    14
         Flame Wave        |       |       |       |     8 |    22 |    14 |     9 ||    53
         Iskenderun's Myst |       |       |       |    21 |    82 |    95 |    38 ||   236
         Petrify           |       |       |       |     9 |     1 |     4 |       ||    14
         Momentum Strike   |       |       |       |     1 |       |     5 |       ||     6
         Fireball          |       |       |       |       |    74 |   148 |    86 ||   308
         Summon Cactus Gia |       |       |       |       |       |    76 |    36 ||   112
         Dispersal         |       |       |       |       |       |     3 |     5 ||     8
         Enfeeble          |       |       |       |       |       |       |    17 ||    17
 Invoke: Greater Servant o |       |       |       |       |       |     1 |     1 ||     2
Ability: Evoke Blink       |       |       |       |       |     1 |       |       ||     1
  Evoke: Wand              |       |       |       |       |     2 |     2 |       ||     4
    Use: Scroll            |     3 |     4 |     1 |     7 |     9 |     8 |     5 ||    37
         Potion            |       |       |       |       |     3 |     4 |     4 ||    11
   Stab: Sleeping          |       |       |       |       |     1 |       |       ||     1
         Petrified         |       |       |       |       |       |     9 |       ||     9
         Invisible         |       |       |       |       |       |       |     1 ||     1
 Armour: Robe              |     5 |    11 |       |       |       |       |       ||    16
         Leather armour    |       |    13 |    55 |   172 |   517 |   378 |    29 ||  1164
         Skin              |       |       |       |       |     1 |       |       ||     1
         Troll leather arm |       |       |       |       |       |       |   228 ||   228
  Dodge: Dodged            |     7 |    14 |    19 |    70 |   357 |   274 |   211 ||   952
  Block: Buckler           |       |       |       |    16 |    99 |       |       ||   115
         Kite shield       |       |       |       |       |     5 |   257 |   188 ||   450

Table legend: (Time is in decaauts)
 A = Elapsed time spent in this place.
 B = Non-inter-level travel time spent in this place.
 C = Inter-level travel time spent in this place.
 D = Time resting spent in this place.
 E = Time spent auto-exploring this place.
 F = Levels seen in this place.
 G = Mean time per level.
                   A        B        C        D        E       F      G
               +--------+--------+--------+--------+--------+-----+--------+
         Total |  48463 |  44131 |   4332 |  16498 |  17425 |  32 | 1514.5 |
       Dungeon |  21186 |  19113 |   2073 |   5602 |   9538 |  15 | 1412.4 |
        Temple |     29 |      1 |     28 |      0 |      0 |   1 |   29.0 |
          Lair |  12062 |  10822 |   1240 |   5258 |   3081 |   5 | 2412.4 |
         Swamp |   3954 |   3743 |    211 |   1153 |   1513 |   4 |  988.5 |
   Spider Nest |   7739 |   7312 |    427 |   3464 |   2239 |   4 | 1934.8 |
  Orcish Mines |   2944 |   2592 |    352 |    712 |    951 |   2 | 1472.0 |
        Bailey |    546 |    546 |      0 |    308 |    103 |   1 |  546.0 |
               +--------+--------+--------+--------+--------+-----+--------+

Top non-repeatable levels by time:
  Lair:2: 3086 daAuts
  Lair:4: 2947 daAuts
Spider:3: 2671 daAuts
    D:14: 2461 daAuts
  Lair:3: 2360 daAuts
Spider:1: 2268 daAuts
   Orc:2: 2041 daAuts
Spider:4: 1982 daAuts
  Lair:1: 1898 daAuts
     D:8: 1876 daAuts
  Lair:5: 1768 daAuts
    D:12: 1758 daAuts
     D:9: 1642 daAuts
    D:10: 1632 daAuts
    D:13: 1573 daAuts
